 Dungeon Crawl Stone Soup version 0.19-a0 (webtiles) character file.

107 warlockg3 the Firebug (level 4, -11/34 HPs)
             Began as a Draconian Fire Elementalist on Apr 27, 2016.
             Mangled by Sigmund
             ... wielding a +0 scythe of pain
              (15 damage)
             ... on level 3 of the Dungeon.
             The game lasted 00:13:55 (3242 turns).

warlockg3 the Firebug (Draconian Fire Elementalist) Turns: 3242, Time: 00:13:55

Health: -11/34     AC:  5    Str: 10    XL:     4   Next: 56%
Magic:  1/7        EV: 12    Int: 16    God:
Gold:   110        SH:  3    Dex: 12    Spells: 3 memorised, 1 level left

rFire  . . .     SeeInvis .     l - -3 spear
rCold  . . .     Gourm    .     (armour unavailable)
rNeg   . . .     Faith    .     b - +0 buckler
rPois  .         Spirit   .     (helmet restricted)
rElec  .         Dismiss  .     (no cloak)
rCorr  .         Reflect  .     (no gloves)
SustAt .         Harm     .     (no boots)
MR     .....                    (no amulet)
Stlth  ++........               (no ring)
                                (no ring)

@: very slightly contaminated, not resistant to hostile enchantments, unstealthy
A: unfitting armour, cold-blooded, AC +5
a: no special abilities


You were on level 3 of the Dungeon.
You were hungry.

You visited 1 branch of the dungeon, and saw 3 of its levels.

You collected 110 gold pieces.

Inventory:

Hand Weapons
 l - a -3 spear (weapon)
 n - a +0 halberd
Armour
 b - a +0 buckler (worn)
Scrolls
 e - 2 scrolls of identify {unknown}
 h - a scroll of fog {unknown}
 i - a scroll of enchant weapon {unknown}
 j - a scroll of teleportation {unknown}
Potions
 d - a potion of cancellation {unknown}
 g - a potion of brilliance {unknown}
 k - a potion of curing {unknown}
Books
 a - a book of Flames

   Spells                             Type                      Level
   a - Flame Tongue                   Conjuration/Fire             1
   b - Throw Flame                    Conjuration/Fire             2
   c - Conjure Flame                  Conjuration/Fire             3
   d - Inner Flame                    Hexes/Fire                   3
   e - Sticky Flame                   Conjuration/Fire             4
   f - Fireball                       Conjuration/Fire             5
Comestibles
 c - a bread ration
 f - 5 fruits
 m - a meat ration


   Skills:
 + Level 0.7 Fighting
 + Level 0.4 Polearms
 + Level 3.1 Dodging
 + Level 2.0 Stealth
 + Level 0.4 Shields
 + Level 0.8 Unarmed Combat
 * Level 2.4 Spellcasting
 * Level 1.4 Conjurations
 * Level 3.3 Fire Magic


You had one spell level left.
You knew the following spells:

 Your Spells              Type           Power        Failure   Level  Hunger
a - Flame Tongue          Conj/Fire      #....        14%         1    #......
b - Throw Flame           Conj/Fire      #.....       21%         2    ###....
c - Inner Flame           Hex/Fire       #.......     54%         3    ###....


Dungeon Overview and Level Annotations

Branches:
Dungeon (3/15)

Altars:
Dithmenos
The Shining One

Annotations:
D:3 Sigmund


Innate Abilities, Weirdness & Mutations

Your plain brown scales are hard (AC +5).
Your body does not fit into most forms of armour.
You are cold-blooded and may be slowed by cold attacks.


Message History

Sigmund is almost dead.
Sigmund closely misses you.
You closely miss Sigmund.
Sigmund is almost dead.
You block Sigmund's attack.
You closely miss Sigmund.
Sigmund is almost dead.
You closely miss Sigmund.
Your tail-slap misses Sigmund.
Sigmund is almost dead.
Sigmund closely misses you.
You closely miss Sigmund.
You tail-slap Sigmund, but do no damage.
Sigmund is almost dead.
Sigmund points at you and mumbles some strange words.
The puff of flame hits you!
* * * LOW HITPOINT WARNING * * *
You completely miss Sigmund.
Sigmund is almost dead.
Sigmund hits you with a scythe of pain!
You die...

.♣ #.8._.8.#####...<) ...
##..8.8.....###...# ....
###....8......###..##
.....
..)...............##
......#####...##....###.#
......@..##...##....# #.#
.....###...#.###....# #.#
#.. ###@#.##.....# #.. #
#@#.##.....# #.#
#........... ..#
###..######. .. ...# .
..... ..#.## .#.# .# # ..


You could see Sigmund.

Vanquished Creatures
  4 adders (D:2)
  2 worms (D:2)
  2 dart slugs (D:2)
  4 giant geckos
  2 giant cockroaches (D:1)
  6 goblins
  9 hobgoblins
  4 jackals (D:2)
  5 kobolds
  A quokka (D:2)
  3 bats
  3 giant newts
  12 rats
57 creatures vanquished.

Notes
Turn   | Place    | Note
--------------------------------------------------------------
     0 | D:1      | warlockg3 the Draconian Fire Elementalist began the quest for the Orb.
     0 | D:1      | Reached XP level 1. HP: 14/14 MP: 3/3
   252 | D:1      | Reached XP level 2. HP: 20/20 MP: 3/5
  1181 | D:1      | Found a glowing golden altar of the Shining One.
  1424 | D:2      | Reached XP level 3. HP: 25/26 MP: 6/6
  1496 | D:2      | Found a shadowy altar of Dithmenos.
  1879 | D:2      | Learned a level 2 spell: Throw Flame
  1883 | D:2      | Learned a level 3 spell: Inner Flame
  2748 | D:2      | Reached XP level 4. HP: 34/34 MP: 7/7
  3177 | D:3      | Found a faded altar to an unknown god.
  3198 | D:3      | Noticed Sigmund
  3242 | D:3      | Mangled by Sigmund

Vault maps used:
D:1:      scummos_arrival_simple_crosswalls, hangedman_abyss_or_decor_stabs,
          minmay_splitting_lines, tso_altar
D:2:      grunt_dithmenos_smoke_and_mirrors
D:3:      okawaru_trees_1, ecumenical_altar_2, uniq_sigmund

Skill      XL: |  1  2  3  4 |
---------------+-------------+-----
Dodging        | 2 3 |  3.1
Stealth        | 2 |  2.0
Fighting       | |  0.7
Polearms       | |  0.4
Shields        | |  0.4
Unarmed Combat | |  0.8
Spellcasting   | |  2.4
Conjurations   | |  1.4
Fire Magic     | |  3.3

Action                   |  1- 3 |  4- 6 || total
-------------------------+-------+-------++-------
Melee: Unarmed           |   100 |       ||   100
       Tailslap          |    24 |     8 ||    32
       Spear             |   160 |    64 ||   224
 Cast: Flame Tongue      |    21 |     6 ||    27
       Inner Flame       |     1 |       ||     1
       Throw Flame       |       |     5 ||     5
  Use: Scroll            |     2 |       ||     2
 Stab: Sleeping          |     4 |     1 ||     5
  Eat: Fruit             |     2 |       ||     2
       Bread ration      |     1 |       ||     1
       Royal jelly       |       |     1 ||     1
Armor: Skin              |    83 |    13 ||    96
Dodge: Dodged            |   194 |    32 ||   226
Block: Buckler           |     6 |    12 ||    18
